AoeStats
← ImranAOE

Arena

509166803Analyzed
4v4 RM · 5d ago on Sep 25, 2026· 51m 58s· 8 players
Game mode
Random Map
Map size
Large (8 player)
Population
200
Speed
Normal
Resources
Standard
Victory
Conquest
Starting age
Dark Age
Ending age
Imperial Age
RankedLock teamsTeams togetherTeam positionsShared explorationLock speedFull tech treeHidden civsTurbo modeCheats
Victory
Defeat
🇨🇭 Saxons · Switzerland
1211
+10
🇺🇸 Koreans · United States
1196
+11
🇬🇷 Lithuanians · Greece
1180
+11
🇧🇩 Portuguese · Bangladesh
1104
+15
🇨🇭 Danes · Switzerland
1104
-13
🇷🇺 Poles · Russia
1091
-12
🇫🇷 Varangians · France
1063
-11
🇩🇪 Franks · Germany
1053
-11
NOX
7:28 Loom
11:35 Feudal Age
12:23 Double-Bit Axe
12:21 Horse Collar
15:09 Castle Age
16:10 Bow Saw
16:02 Heavy Plow
21:35 Wheelbarrow
20:46 Loom
27:27 Imperial Age
25:27 Squires
25:28 Scale Mail Armor
25:39 Forging
25:47 Hand Cart
25:16 Pikeman
27:02 Town Watch
27:34 Chain Mail Armor
27:54 Iron Casting
27:07 Gambesons
27:08 Arson
28:15 Onager
29:06 Siege Engineers
30:03 Chemistry
29:10 Halberdier
30:35 Siege Onager
39:35 Plate Mail Armor
40:06 Blast Furnace
39:32 Conscription
39:48 Hoardings
39:38 Heavy Scorpion
39:56 Man-at-Arms
40:53 Long Swordsman
41:31 Two-Handed Swordsman
42:18 Champion
49:12 Hamask
Tektø
12:21 Feudal Age
12:47 Double-Bit Axe
12:44 Horse Collar
18:42 Castle Age
18:37 Forging
18:28 Scale Mail Armor
20:28 Wheelbarrow
20:41 Iron Casting
20:33 Bow Saw
20:26 Heavy Plow
20:47 Stone Mining
25:45 Scale Barding Armor
26:08 Gold Mining
30:55 Imperial Age
29:37 Squires
29:23 Arson
29:24 Gambesons
30:31 Hand Cart
32:04 Conscription
32:52 Blast Furnace
32:08 Elite Jarl
35:52 Elite Varangian Guard
36:59 Chain Barding Armor
36:56 Chain Mail Armor
38:56 Plate Barding Armor
40:25 Plate Mail Armor
44:53 Gothikon
47:39 Caravan
SickkotzBert
10:57 Feudal Age
12:43 Loom
13:29 Double-Bit Axe
18:05 Castle Age
19:17 Forging
19:14 Scale Barding Armor
20:38 Husbandry
27:15 Wheelbarrow
28:28 Iron Casting
28:14 Chain Barding Armor
27:57 Gold Mining
28:57 Bow Saw
31:17 Hand Cart
34:05 Imperial Age
34:48 Gold Shaft Mining
34:39 Scale Mail Armor
34:35 Cavalier
36:18 Blast Furnace
35:55 Plate Barding Armor
36:18 Paladin
40:10 Pikeman
40:51 Squires
41:51 Chain Mail Armor
40:59 Halberdier
46:17 Capped Ram
just horsing around
6:40 Loom
10:07 Feudal Age
10:22 Man-at-Arms
12:56 Double-Bit Axe
13:50 Horse Collar
23:34 Castle Age
28:02 Bow Saw
27:55 Heavy Plow
28:47 Wheelbarrow
29:23 Town Watch
33:54 Imperial Age
31:45 Bloodlines
32:29 Scale Barding Armor
32:26 Husbandry
32:55 Hand Cart
34:26 Szlachta Privileges
34:05 Cavalier
35:10 Conscription
34:57 Town Patrol
36:03 Chain Barding Armor
35:54 Forging
37:48 Gold Mining
39:36 Iron Casting
50:10 Light Cavalry
ink55
11:20 Feudal Age
9:36 Loom
15:38 Castle Age
14:06 Double-Bit Axe
15:04 Horse Collar
15:49 Stone Mining
23:06 Heavy Plow
23:11 Gold Mining
24:26 Forging
25:09 Wheelbarrow
26:00 Bow Saw
30:19 Imperial Age
28:00 Squires
27:54 Fletching
29:08 Bloodlines
28:56 Bodkin Arrow
29:32 Ballistics
30:00 Gold Shaft Mining
29:48 Husbandry
29:50 Padded Archer Armor
30:29 Scale Mail Armor
31:05 Iron Casting
31:05 Bracer
31:40 Conscription
32:15 Thumb Ring
33:32 Chemistry
33:13 Chain Mail Armor
33:13 Leather Archer Armor
33:30 Elite Varangian Guard
34:02 Cranequins
35:30 Shield Wall
37:06 Siege Engineers
38:07 Two-Man Saw
37:41 Plate Mail Armor
38:41 Hand Cart
38:37 Masonry
38:09 Treadmill Crane
39:09 Town Watch
40:16 Block Printing
40:47 Illumination
40:45 Sanctity
40:53 Elite Hearth Troop
43:24 Theocracy
42:18 Clerical Recruitment
43:21 Light Cavalry
44:08 Scale Barding Armor
44:34 Ring Archer Armor
43:28 Pikeman
43:53 Arson
45:18 Redemption
45:57 Hoardings
45:24 Heavy Mounted Crossbowman
46:30 Halberdier
47:47 Caravan
50:33 Chain Barding Armor
OOK
10:57 Feudal Age
12:14 Loom
15:02 Castle Age
13:25 Double-Bit Axe
14:01 Horse Collar
15:42 Forging
15:09 Light Cavalry
17:57 Wheelbarrow
17:32 Bow Saw
22:13 Heavy Plow
23:35 Scale Barding Armor
23:40 Forging
24:49 Hand Cart
26:28 Stone Mining
26:28 Gold Mining
26:54 Husbandry
27:33 Iron Casting
30:04 Imperial Age
27:22 Town Watch
29:04 Bloodlines
30:12 Chain Barding Armor
30:11 Cavalier
31:28 Plate Barding Armor
32:30 Treadmill Crane
35:26 Ballistics
34:57 Fletching
35:15 Paladin
37:13 Conscription
41:10 Capped Ram
43:11 Scale Mail Armor
42:33 Pikeman
43:13 Squires
42:59 Arson
43:55 Halberdier
46:08 Chain Mail Armor
48:11 Bodkin Arrow
ImranAOE
11:46 Feudal Age
13:16 Fletching
13:40 Padded Archer Armor
15:39 Loom
20:22 Double-Bit Axe
24:12 Castle Age
22:19 Horse Collar
23:56 Forging
24:55 Heavy Plow
25:06 Bow Saw
27:41 Bodkin Arrow
28:05 Pikeman
29:31 Ballistics
33:40 Treadmill Crane
36:42 Imperial Age
35:23 Masonry
35:56 Forging
35:48 Scale Mail Armor
37:20 Iron Casting
37:25 Chain Mail Armor
38:32 Chemistry
38:37 Halberdier
40:38 Plate Mail Armor
41:15 Blast Furnace
41:14 Conscription
42:58 Arquebus
45:17 Elite Organ Gun
46:43 Siege Engineers
51:32 Circumnavigation
51:36 Bracer
jdhtrain
10:38 Feudal Age
15:53 Castle Age
14:01 Double-Bit Axe
14:34 Horse Collar
16:37 Fletching
21:05 Gold Mining
23:56 Bow Saw
25:14 Wheelbarrow
26:14 Heavy Plow
26:52 Gold Shaft Mining
27:03 Hand Cart
30:59 Imperial Age
28:10 Pikeman
28:58 Bodkin Arrow
29:00 Loom
29:14 Town Watch
30:08 Fortified Wall
30:08 Squires
29:54 Arson
30:12 Scale Mail Armor
31:08 Masonry
31:49 Chain Mail Armor
31:26 Halberdier
32:19 Forging
33:07 Architecture
33:22 Bracer
37:08 Chemistry
36:39 Stone Mining
39:09 Siege Engineers
41:13 Conscription
46:14 Crossbowman
47:00 Thumb Ring
51:18 Plate Mail Armor
51:24 Iron Casting
Connection lost

Rejoining the realm…

Still unreachable

The connection could not be restored.

Session expired

The server has moved on; the page needs a fresh start.